 Dungeon Crawl Stone Soup version 0.21.1-1-g345015f (webtiles) character file.

340 inc the Magician (level 6, -5/42 HPs)
             Began as an Octopode Ice Elementalist on June 8, 2018.
             Was an Initiate of Gozag.
             Slain by a sky beast (6 damage)
             ... on level 3 of the Dungeon.
             The game lasted 00:09:52 (4166 turns).

inc the Magician (Octopode Ice Elementalist)        Turns: 4166, Time: 00:09:54

Health: -5/42      AC:  1    Str: 12    XL:     6   Next: 56%
Magic:  1/13       EV: 12    Int: 26    God:    Gozag
Gold:   252        SH:  0    Dex: 12    Spells: 9/15 levels left

rFire    . . .     SeeInvis .   h - +0 quarterstaff
rCold    . . .     Gourm    .   (shield currently unavailable)
rNeg     . . .     Faith    .   (helmet restricted)
rPois    .         Spirit   .   p - amulet of rage
rElec    .         Reflect  .   d - +6 ring of intelligence
rCorr    .         Harm     .   e - ring of wizardry
MR       +....                  i - ring of protection from magic
Stlth    +++.......             n - ring of wizardry
HPRegen  0.14/turn              (no ring)
MPRegen  0.13/turn              (no ring)
                                (no ring)
                                (no ring)

@: mighty, heavily drained
A: almost no armour, stealthy swim, amphibious, 8 rings, constrict 8, camouflage
1, gelatinous body 1
a: Potion Petition, Call Merchant, Bribe Branch, Renounce Religion, Evoke
Berserk Rage


You were on level 3 of the Dungeon.
You worshipped Gozag.
Gozag was aware of your devotion.
You were hungry.

You visited 2 branches of the dungeon, and saw 5 of its levels.

You collected 344 gold pieces.
You paid 92 gold pieces to Gozag.

Inventory:

Hand Weapons
 h - a +0 quarterstaff (weapon)
Jewellery
 d - a +6 ring of intelligence (left tentacle)
 e - a ring of wizardry (right tentacle)
 f - an uncursed ring of fire
 i - a ring of protection from magic (on tentacle)
 k - an uncursed amulet of harm
 n - a ring of wizardry (on tentacle)
 p - an amulet of rage (around mantle)
Scrolls
 g - a scroll of immolation
 o - 2 scrolls of identify
 q - a scroll of teleportation
Potions
 c - 3 potions of agility
 j - 2 potions of magic
 l - a potion of invisibility
 m - 2 potions of degeneration
Books
 a - a book of Frost

   Spells                             Type                      Level
   a - Freeze                         Ice                          1
   b - Throw Frost                    Conjuration/Ice              2
   c - Ozocubu's Armour               Charms/Ice                   3
   d - Throw Icicle                   Conjuration/Ice              4
   e - Summon Ice Beast               Ice/Summoning                4
Comestibles
 b - 10 rations


   Skills:
 - Level 3.5(2.0) Fighting
 - Level 2.0(0.5) Dodging
 - Level 2.6(1.2) Stealth
 + Level 5.0(3.4) Spellcasting
 - Level 1.0(0.0) Conjurations
 - Level 3.1(1.6) Ice Magic


You had 9 spell levels left.
You knew the following spells:

 Your Spells              Type           Power        Failure   Level  Hunger
a - Freeze                Ice            ##..         1%          1    None
b - Ozocubu's Armour      Chrm/Ice       #.......     5%          3    ##.....
c - Throw Frost           Conj/Ice       #.....       2%          2    #......


Dungeon Overview and Level Annotations

Branches:
Dungeon (4/15)             Temple (1/1) D:4

Altars:
Ashenzari
Elyvilon
Fedhas
Gozag
Hepliaklqana
Makhleb
Nemelex Xobeh
Ru
Sif Muna
Uskayaw
Vehumet
Zin
The Shining One

Shops:
D:4 *?*[*


Innate Abilities, Weirdness & Mutations

You cannot wear most types of armour.
You are very stealthy in the water. (Stealth+)
You are amphibious.
You can wear up to eight rings at the same time.
You can use your tentacles to constrict eight enemies at once.
Your skin changes colour to match your surroundings (Stealth+).
Your rubbery body absorbs attacks. (AC +1, EV +1)


Message History

The sky beast is severely wounded.
The sky beast closely misses you.
Casting: Freeze
Confirm with . or Enter, or press ? or * to list all spells.
Aiming: Freeze
Press: ? - help, Shift-Dir - straight line, f/p - sky beast
Aim: a sky beast (severely wounded)
You freeze the sky beast.
The sky beast is almost dead.
The sky beast hits you.
* * * LOW HITPOINT WARNING * * *
The sky beast shocks you.
* * * LOW HITPOINT WARNING * * *
It was a potion of might.
You feel very mighty all of a sudden. The sky beast hits you.
* * * LOW HITPOINT WARNING * * *
The sky beast shocks you.
You die...
Your body crumbles into a pile of gold.

# ##.#.....# #
##......... #
#.....###.#
##########....###.#
...................
###########.#.###.#
# #.#... #
#.#######.# #
#.≈..Y@...# #
###########


You could see a sky beast.

Vanquished Creatures
  A hound (D:4)
  An orc wizard (D:4)
  A bullfrog skeleton (D:4)
  An iguana (D:4)
  A worker ant (D:3)
  12 adders
  2 oozes
  A worm (D:2)
  A dart slug (D:2)
  2 leopard geckos
  15 orcs
  A ball python (D:2)
  2 giant cockroaches
  9 goblins
  5 hobgoblins
  3 kobolds
  4 quokkas
  6 bats
  4 frilled lizards
  A leopard gecko skeleton (D:4)
  A quokka zombie (D:4)
  6 rats
80 creatures vanquished.

Notes
Turn   | Place    | Note
-------+----------+-------------------------------------------
     0 | D:1      | inc the Octopode Ice Elementalist began the quest for the Orb.
     0 | D:1      | Reached XP level 1. HP: 11/11 MP: 3/3
   162 | D:1      | Reached XP level 2. HP: 2/17 MP: 0/5
   803 | D:1      | Reached skill level 3 in Spellcasting
   897 | D:2      | Reached XP level 3. HP: 20/21 MP: 2/7
   964 | D:2      | Learned a level 3 spell: Ozocubu's Armour
  1068 | D:2      | Reached XP level 4. HP: 23/27 MP: 1/9
  1223 | D:2      | Reached skill level 4 in Spellcasting
  1836 | D:2      | Reached skill level 1 in Fighting
  1836 | D:2      | Reached XP level 5. HP: 29/33 MP: 0/11
  2574 | D:3      | Noticed a sky beast
  2690 | D:4      | Found a staircase to the Ecumenical Temple.
  2698 | D:4      | Found Peoku's Assorted Antiques.
  2704 | D:4      | Found Woabeq's Magic Scroll Boutique.
  2709 | D:4      | Reached XP level 6. HP: 40/42 MP: 9/12
  2729 | D:4      | Found Ofror's General Store.
  2754 | Temple   | Entered the Ecumenical Temple
  2836 | Temple   | Became a worshipper of Gozag Ym Sagoz the Greedy
  2945 | D:4      | Learned a level 2 spell: Throw Frost
  3300 | D:4      | Found Xunwij's Assorted Antiques.
  3324 | D:4      | Found Unuung's Antique Armour Boutique.
  3370 | D:4      | Reached skill level 5 in Spellcasting
  4166 | D:3      | HP: 1/42 [sky beast (4)]
  4166 | D:3      | Slain by a sky beast

Skill      XL: |  1  2  3  4  5  6 |
---------------+-------------------+-----
Spellcasting   | 3 4 5 |  5.0
Fighting       | 1 3 |  3.5
Dodging        | |  2.0
Stealth        | |  2.6
Conjurations   | |  1.0
Ice Magic      | |  3.1

Action                   |  1- 3 |  4- 6 || total
-------------------------+-------+-------++-------
Melee: Unarmed           |    10 |       ||    10
       Constrict         |     4 |     3 ||     7
       Tentacles         |     3 |     4 ||     7
       Quarterstaff      |     4 |    24 ||    28
 Cast: Freeze            |    35 |    92 ||   127
       Ozocubu's Armour  |     1 |     1 ||     2
       Throw Frost       |       |    20 ||    20
  Use: Scroll            |       |     7 ||     7
       Potion            |       |     1 ||     1
 Stab: Sleeping          |       |     4 ||     4
  Eat: Chunk             |       |     6 ||     6
       Ration            |       |     1 ||     1
Armor: Skin              |    11 |     4 ||    15
Dodge: Dodged            |    38 |    45 ||    83
